 Dungeon Crawl Stone Soup version 0.17-a0-1731-g129c023 (webtiles) character file.

212 George the Slasher (level 5, -1/42 HPs)
             Began as a Minotaur Gladiator on Aug 29, 2015.
             Killed from afar by an orc wizard (10 damage)
             ... with a magic dart
             ... on level 4 of the Dungeon.
             The game lasted 00:03:50 (2716 turns).

George the Slasher (Minotaur Gladiator)             Turns: 2716, Time: 00:03:50

Health: -1/42      AC:  3    Str: 20    XL:     5   Next: 58%
Magic:  4/4        EV: 12    Int:  5    God:
Gold:   162        SH:  0    Dex: 11    Spells: 0 memorised, 4 levels left

rFire  x . .     SeeInvis .     a - +0 long sword
rCold  + . .     Clarity  .     b - +0 leather armour
rNeg   . . .     SustAt   .     (no shield)
rPois  .         Gourm    .     c - +0 hat
rElec  .         Spirit   .     (no cloak)
rCorr  .         Warding  .     (no gloves)
rMut   .         Stasis   .     (no boots)
MR     .....                    (no amulet)
Stlth  +.........               q - ring of wizardry
                                l - ring of ice

@: slowed, very slow, not resistant to hostile enchantments, very unstealthy
A: retaliatory headbutt, horns 2
a: no special abilities


You were on level 4 of the Dungeon.
You were hungry.

You visited 1 branch of the dungeon, and saw 4 of its levels.

You collected 162 gold pieces.

Inventory:

Hand weapons
 a - a +0 long sword (weapon)
Missiles
 d - 3 throwing nets
 n - 4 tomahawks (quivered)
Armour
 b - a +0 leather armour (worn)
 c - a +0 hat (worn)
Jewellery
 l - a ring of ice (left hand)
 q - a ring of wizardry (right hand)
Magical devices
 o - a wand of slowing (23)
Scrolls
 j - 3 scrolls of blinking
 k - a scroll of remove curse
 m - a scroll of identify
Potions
 r - 2 potions of curing
Comestibles
 e - 4 bread rations
 f - 2 fruits
 h - a meat ration
 t - a royal jelly


   Skills:
 - Level 2.4 Fighting
 + Level 7.7 Long Blades
 - Level 2.0 Throwing
 - Level 3.2 Dodging


You had 4 spell levels left.
You didn't know any spells.

Dungeon Overview and Level Annotations

Branches:
Dungeon (4/15)
 Temple: D:4-7

Altars:
Ashenzari


Innate Abilities, Weirdness & Mutations

You reflexively headbutt those who attack you in melee.
You have a pair of horns on your head.


Message History

You hit the orc wizard but do no damage.
Your headbutt misses the orc wizard.
The orc wizard is severely wounded.
The orc wizard mumbles some strange words.
The orc wizard blinks!
The orc wizard hits you with a dagger. x2
You barely miss the orc wizard.
The orc wizard is severely wounded.
The orc wizard casts a spell.
The orc wizard blinks!
You closely miss the orc wizard.
The orc wizard is severely wounded.
The orc wizard mumbles some strange words.
The orc wizard blinks!
The orc wizard gestures at you while chanting.
The magic dart hits you!
* * * LOW HITPOINT WARNING * * *
The orc wizard points at you and mumbles some strange words.
The magic dart hits you!
You die...

#..
##.......##...####..
##.
#......##..........
###.
##....###..........
...#
#.............##..
#..# #......##....##
#..# ##..#######...#
#..#####..## #....#
#...)....§# #....#
#..###....@# ##.....
#o. ##..)§## .....
#. #..)..## #### #o
##.)...#### #.
##o.##...# o
#.####### ###


You could see an orc wizard.

Vanquished Creatures
  A giant frog (D:3)
  A worker ant (D:4)
  Natasha (D:3)
  2 adders
  An ooze (D:1)
  A worm (D:2)
  6 orcs
  7 bats
  4 giant cockroaches
  5 goblins
  7 hobgoblins
  9 jackals
  12 kobolds
  A quokka (D:2)
  A giant gecko (D:2)
  A giant gecko skeleton (D:4)
  6 giant newts
  7 rats
73 creatures vanquished.

Notes
Turn   | Place    | Note
--------------------------------------------------------------
     0 | D:1      | George the Minotaur Gladiator began the quest for the Orb.
     0 | D:1      | Reached XP level 1. HP: 18/18 MP: 0/0
     6 | D:1      | Reached skill level 4 in Long Blades
    46 | D:1      | Reached XP level 2. HP: 25/25 MP: 1/1
  1003 | D:2      | Reached skill level 5 in Long Blades
  1028 | D:2      | Reached XP level 3. HP: 22/30 MP: 2/2
  1037 | D:2      | Found a shattered altar of Ashenzari.
  1764 | D:3      | Reached XP level 4. HP: 24/37 MP: 3/3
  1767 | D:3      | Reached skill level 6 in Long Blades
  2033 | D:3      | Noticed a giant frog
  2039 | D:3      | Killed a giant frog
  2225 | D:3      | Reached XP level 5. HP: 42/42 MP: 4/4
  2334 | D:3      | Noticed Natasha
  2339 | D:3      | Killed Natasha
  2339 | D:3      | Reached skill level 7 in Long Blades
  2716 | D:4      | Killed from afar by an orc wizard

Vault maps used:
D:1:      matt_arrival_grand_opening, kennysheep_nondescript,
          hangedman_decor_points, patterned_corridor
D:2:      st_stairs_7, ashenzari_altar_1
D:3:      uniq_natasha
D:4:      grunt_temple_overflow_champion_of_chaos, yredelemnul_altar_generic,
          grunt_qazlal_sundering, lemuel_crystal_altar, zin_statuary,
          first_bread, uniq_pikel

Action                   |  1- 3 |  4- 6 || total
-------------------------+-------+-------++-------
Melee: Long sword        |    90 |    53 ||   143
  Use: Scroll            |       |     5 ||     5
  Eat: Chunk             |     3 |     2 ||     5
